Map: Orbital Shipyard

Players

StonedDad

  • Race: Zerg Zerg
  • League: Platinum

Teo - Winner!

  • Race: Protoss Protoss
  • League: Diamond

VOD

Have the link to the VOD?

Description

Time

  • Played on: Nov. 18, 2015, 6:36 p.m.
  • Length: 7:21
Show
View Real Time Build Order
Export as new Build Order

StonedDad Zerg 

Build Orders: 3 Hatch before Pool, Roach Nydus 

Get SALT Encoding   

  12  0:01  Drone  
  13  0:12  Overlord  
  13  0:18  Drone  
  14  0:31  Drone x2  
  14  0:34  Drone  
  17  0:54  Hatchery  
  16  0:57  Drone  
  16  0:59  Drone  
  18  1:23  Hatchery, Drone  
  18  1:36  Spawning Pool  
  18  1:39  Extractor  
  16  1:41  Drone  
  16  1:44  Drone  
  18  2:02  Drone x2  
  18  2:03  Overlord  
  20  2:41  Queen  
  20  2:43  Queen  
  24  2:48  Roach Warren  
  23  2:56  Drone x3  
  23  2:57  Extractor  
  23  2:58  Drone x3  
  28  3:11  Spine Crawler  
  28  3:12  Drone  
  28  3:14  Drone  
  29  3:29  Roach x2  
  29  3:32  Roach  
  35  3:38  Drone  
  36  3:43  Overlord  
  36  4:01  Overlord  
  36  4:02  Overlord  
  36  4:03  Roach x3  
  42  4:10  Lair  
  42  4:14  Drone  
  43  4:24  Drone x2  
  44  4:25  Drone  
  42  4:48  Roach x2  
  42  4:49  Roach x5  
  56  4:52  Overlord  
  56  5:07  Overseer  
  56  5:09  Overseer  
  56  5:16  Roach x2  
  56  5:18  Nydus Network  
  56  5:20  Drone x2  
  56  5:21  Overlord x2  
  61  5:23  Drone  
  61  5:26  Extractor  
  61  5:32  Roach  
  61  5:33  Roach  
  65  5:40  Roach  
  65  5:41  Roach  
  69  5:44  Queen  
  71  5:53  Roach x2  
  75  6:06  Nydus Canal  
  75  6:09  Roach x3  
  73  6:34  Roach x6  
  73  6:52  Roach  
  73  6:53  Roach x6  
  75  7:05  Nydus Canal  
Show
View Real Time Build Order
Export as new Build Order

Teo Protoss - Winner!

Build Orders: Forge Fast Expand (FFE) 

Get SALT Encoding   

  12  0:01  Probe (Chrono Boost)  
  13  0:15  Probe (Chrono Boost)  
  13  0:20  Pylon  
  14  0:25  Probe (Chrono Boost)  
  15  0:38  Probe (Chrono Boost)  
  15  0:39  Forge  
  16  0:48  Probe (Chrono Boost)  
  17  0:59  Probe (Chrono Boost)  
  18  1:20  Pylon  
  18  1:29  Nexus  
  18  1:36  Probe (Chrono Boost)  
  19  1:42  Photon Cannon  
  19  1:51  Photon Cannon  
  19  2:00  Gateway  
  19  2:01  Assimilator  
  19  2:07  Probe (Chrono Boost)  
  20  2:22  Pylon  
  20  2:39  Photon Cannon  
  20  2:44  Probe x2 (Chrono Boost)  
  22  2:53  Assimilator  
  22  2:54  Cybernetics Core  
  22  2:55  Probe (Chrono Boost)  
  23  3:02  Probe (Chrono Boost)  
  23  3:04  Zealot  
  27  3:12  Probe (Chrono Boost)  
  28  3:20  Probe (Chrono Boost)  
  28  3:23  Probe (Chrono Boost)  
  28  3:25  Gateway  
  29  3:30  Warp Gate (Chrono Boost)  
  31  3:34  Mothership Core (Chrono Boost)  
  31  3:39  Probe (Chrono Boost)  
  32  3:42  Pylon  
  32  3:49  Probe (Chrono Boost)  
  32  3:53  Probe (Chrono Boost), Pylon  
  34  4:00  Probe (Chrono Boost)  
  35  4:05  Probe (Chrono Boost)  
  36  4:10  Probe (Chrono Boost)  
  36  4:12  Robotics Facility  
  36  4:14  Gateway  
  37  4:18  Gateway, Probe (Chrono Boost)  
  37  4:20  Probe (Chrono Boost)  
  39  4:39  Probe  
  39  4:40  Probe  
  39  4:45  Pylon  
  41  4:50  Probe  
  42  4:52  Gateway, Probe  
  42  4:53  Gateway  
  42  4:57  Gateway  
  42  4:59  Warp Prism  
  45  5:06  Assimilator  
  45  5:11  Gateway  
  45  5:24  Pylon  
  45  5:26  Stalker x3  
  45  5:27  Stalker  
  53  5:40  Photon Cannon  
  53  5:43  Pylon  
  53  5:45  Pylon  
  53  5:58  Sentry  
  53  5:59  Sentry x2, Adept  
  53  6:00  Adept x2  
  65  6:17  Stalker  
  67  6:29  Adept x5  
  67  6:43  Adept x3, Pylon  
  65  6:51  Zealot  
  65  6:52  Adept x2, Zealot  
  65  6:53  Adept  
  69  6:57  Probe  
  69  6:59  Probe  
  69  7:00  Pylon  
  65  7:14  Stalker x4  
Tags
 
Add a new tag
Caveats
  • Supply blocks, unpowered buildings, or Contaminate may cause inaccurate times.
  • Supply counts are checked every 10 seconds.